 Dungeon Crawl Stone Soup version 0.30.0-20-g3615ddf2f0 (webtiles) character file.

Game seed: 6670783488644831231

3067 qw the Cleaver (level 9, -6/59 HPs)
             Began as a Gargoyle Fighter on June 1, 2023.
             Mangled by a troll (10 damage)
             ... on level 7 of the Dungeon on June 2, 2023.
             The game lasted 00:03:18 (5956 turns).

qw the Cleaver (Gargoyle Fighter)                   Turns: 5956, Time: 00:03:19

Health: -6/59      AC: 19    Str: 31    XL:     9   Next: 88%
Magic:  9/9        EV:  7    Int:  8    God:
Gold:   878        SH:  4    Dex:  9    Spells: 8/8 levels left

rFire   . . .        Y - +1 war axe (freeze)
rCold   . . .        c - +0 buckler
rNeg    + . .        j - +1 plate armour
rPois   inf          (no helmet)
rElec   +            (no cloak)
rCorr   .            (no gloves)
SInv    .            (no boots)
Will    +....        (no amulet) Stlth
                     p - ring of willpower
HPRegen 0.29/turn    b - +6 ring of strength
MPRegen 0.11/turn

%: no passive effects
@: about to teleport
A: sickness immunity, AC +6, negative energy resistance 1, electricity
resistance, torment resistance 1, petrification resistance
a: no special abilities


You were on level 7 of the Dungeon.
You visited 2 branches of the dungeon, and saw 8 of its levels.

You collected 1242 gold pieces.
You spent 364 gold pieces at shops.


Innate Abilities, Weirdness & Mutations

You are immune to sickness and miasma.
Your stone body is resilient. (AC +6)
You are immune to poison.
You resist negative energy. (rN+)
You are resistant to electric shocks. (rElec)
You are resistant to unholy torment.
You are immune to petrification.


   Skills:
 + Level 7.8 Fighting
 - Level 10.0 Axes
 - Level 1.6 Throwing
 - Level 5.0 Armour
 - Level 1.1 Dodging
 - Level 4.1 Shields


You had 8 spell levels left.
You didn't know any spells.
Your spell library was empty.

Inventory:

Hand Weapons
 o - a +2 flail
 Y - a +1 war axe of freezing (weapon)
Armour
 c - a +0 buckler (worn)
 j - a +1 plate armour (worn)
Jewellery
 b - a +6 ring of strength (right hand)
 p - a ring of willpower (left hand)
Scrolls
 a - 2 scrolls of identify
 n - a scroll of teleportation
Potions
 d - a potion of might
 e - a potion of lignification
 f - a potion of cancellation {unknown}
 g - 3 potions of haste
 i - a potion of resistance
 k - 2 potions of heal wounds
 m - a potion of attraction
 s - a potion of mutation
 t - 5 potions of curing

Dungeon Overview and Level Annotations

Branches:
Dungeon (7/15)             Temple (1/1) D:4

Altars:
Ashenzari
Dithmenos
Elyvilon
Fedhas
Gozag
Hepliaklqana
Kikubaaqudgha
Sif Muna
Vehumet
Xom
Yredelemnul
Zin
The Shining One

Shops:
D:1 =   D:3 (   D:6 !


Message History

You hit the troll. You freeze the troll. The troll barely misses you.
The troll claws you but does no damage. x2
The kobold brigand hits you but does no damage.
You barely miss the kobold brigand.
The kobold brigand is moderately wounded.
You hit the troll. You freeze the troll.
The troll bites you but does no damage. The troll claws you.
You block the troll's attack.
The kobold brigand hits you but does no damage.
You hit the troll. You freeze the troll.
The troll is heavily wounded.
You slash the kobold brigand! You freeze the kobold brigand.
The troll bites you but does no damage. The troll barely misses you.
The troll claws you.
The kobold brigand hits you but does no damage.
You slash the kobold brigand! You freeze the kobold brigand.
You kill the kobold brigand!
You closely miss the troll. The troll bites you. The troll claws you!
The troll claws you.
You slash the troll! You freeze the troll.
The troll is severely wounded.
You closely miss something. The troll bites you. The troll closely misses you.
The troll claws you! Something hits you but does no damage.
Something bites you.
You hit the troll. You freeze the troll.
The troll is severely wounded.
You hit something but do no damage. The troll bites you!
The troll claws you. x2
Something hits you but does no damage. Something bites you but does no damage.
You closely miss the troll.
The troll is severely wounded.
You hit something. The troll bites you. The troll claws you.
The troll claws you but does no damage. Something hits you.
Something bites you.
5956 ||| READING 2 scrolls of teleportation.
As you read the scroll of teleportation, it crumbles to dust.
You feel strangely unstable. You block the troll's attack.
The troll claws you but does no damage. The troll claws you!
You die...

### .># #.###
#...# #.#.###
# ##.{...#..
#. #.@T......
#.##.###.###.
#.....##
##.....#
#.....#
#.....#
#...#.#
#....##
#..###


You could see a troll.

Vanquished Creatures
  Prince Ribbit (D:5)
  Sigmund (D:5)
  A shadow (D:6)
  4 yaks (D:7)
  2 water moccasins
  An ice beast (D:5)
  3 black bears
  A centaur (D:6)
  A kobold brigand (D:7)
  2 scorpions (D:4)
  4 wights (D:6)
  5 hounds
  An orc priest (D:4)
  A gnoll bouda (D:7)
  5 iguanas
  Jessica (D:2)
  A sleepcap (D:5)
  8 orc wizards
  9 gnolls
  12 adders
  3 shadow imps (D:6)
  A white imp (D:6)
  An ufetubus (D:7)
  2 worms
  3 dart slugs
  12 orcs
  10 ball pythons
  9 endoplasms
  4 giant cockroaches
  8 hobgoblins
  4 jackals (D:5)
  A quokka (D:4)
  6 bats
  A frilled lizard (D:3)
  6 goblins
  8 kobolds
  4 rats
147 creatures vanquished.

Notes
Turn   | Place    | Note
-------+----------+-------------------------------------------
     0 | D:1      | qw the Gargoyle Fighter began the quest for the Orb.
     0 | D:1      | Reached XP level 1. HP: 14/14 MP: 1/1
     0 | D:1      | 0 ||| qw: Version: 0.2-a-102-gdf20003
     0 | D:1      | 0 ||| qw: Game counter: 773
     0 | D:1      | 0 ||| qw: Always use a shield: true
     0 | D:1      | 0 ||| qw: God list: Okawaru
     0 | D:1      | 0 ||| qw: Allow faded altars: false
     0 | D:1      | 0 ||| qw: Do Orc after D:15 true
     0 | D:1      | 0 ||| qw: Do second Lair branch before Depths: true
     0 | D:1      | 0 ||| qw: Lair rune preference: random
     0 | D:1      | 0 ||| qw: Plans: Normal, Zot:1-4, Slime:5, God:TSO, Crypt,
                  | Tomb, Pan, Hells, Abyss, Win
     0 | D:1      | 0 ||| PLANNING D:1-11
    15 | D:1      | 15 ||| Stepping ~*~*~tactically~*~*~ (hiding).
    25 | D:1      | Reached skill level 2 in Axes
    61 | D:1      | 61 ||| Stepping ~*~*~tactically~*~*~ (hiding).
   179 | D:1      | Found Sahay's One-of-a-Kind Rings.
   184 | D:1      | 184 ||| SHOPLISTING +3 ring of protection (273 gold, have
                  | 0).
   184 | D:1      | 184 ||| SHOPLISTING +7 ring of slaying (2243 gold, have 0).
   184 | D:1      | 184 ||| SHOPLISTING ring "Qicso" {Fly rF+ rN+} (497 gold,
                  | have 0).
   184 | D:1      | 184 ||| SHOPLISTING ring of Vokkoar {+Blink rF+ rN+ MP-9}
                  | (287 gold, have 0).
   194 | D:1      | Reached XP level 2. HP: 17/19 MP: 2/2
   469 | D:1      | Reached skill level 3 in Axes
   541 | D:1      | 541 ||| FLEEEEING.
   542 | D:1      | 542 ||| FLEEEEING.
   543 | D:1      | 543 ||| FLEEEEING.
   544 | D:1      | 544 ||| FLEEEEING.
   545 | D:1      | 545 ||| FLEEEEING.
   570 | D:1      | Reached XP level 3. HP: 17/23 MP: 3/3
   888 | D:1      | 888 ||| DROPPING ring of magical power.
   889 | D:1      | 889 ||| READING 2 scrolls labelled CUASOXT TEYB.
   981 | D:2      | 981 ||| Stepping ~*~*~tactically~*~*~ (stealth).
   991 | D:2      | 991 ||| Stepping ~*~*~tactically~*~*~ (stealth).
  1022 | D:2      | 1022 ||| Stepping ~*~*~tactically~*~*~ (stealth).
  1056 | D:2      | 1056 ||| Stepping ~*~*~tactically~*~*~ (stealth).
  1095 | D:2      | Reached XP level 4. HP: 28/28 MP: 4/4
  1171 | D:2      | 1171 ||| DROPPING +0 club.
  1199 | D:2      | Noticed Jessica
  1226 | D:2      | 1226 ||| Stepping ~*~*~tactically~*~*~ (hiding).
  1227 | D:2      | 1227 ||| Stepping ~*~*~tactically~*~*~ (hiding).
  1228 | D:2      | 1228 ||| Stepping ~*~*~tactically~*~*~ (hiding).
  1230 | D:2      | Killed Jessica
  1231 | D:2      | Reached skill level 4 in Axes
  1617 | D:2      | 1617 ||| READING scroll labelled SIYTEOXYRGH.
  1618 | D:2      | 1618 ||| READING scroll labelled WUNIS TIASH.
  1622 | D:2      | 1622 ||| READING 3 scrolls of identify.
  1622 | D:2      | 1622 ||| IDENTIFYING clear potion
  1623 | D:2      | 1623 ||| READING 2 scrolls of identify.
  1623 | D:2      | 1623 ||| IDENTIFYING bubbling sapphire potion
  1624 | D:2      | 1624 ||| DROPPING potion of magic.
  1649 | D:3      | 1649 ||| Stepping ~*~*~tactically~*~*~ (hiding).
  1651 | D:3      | 1651 ||| Stepping ~*~*~tactically~*~*~ (hiding).
  1660 | D:3      | HP: 4/28 [gnoll/+0 halberd (7)]
  1662 | D:3      | Reached XP level 5. HP: 3/32 MP: 5/5
  1776 | D:3      | 1776 ||| DROPPING +0 whip.
  1829 | D:3      | 1829 ||| Stepping ~*~*~tactically~*~*~ (stealth).
  1842 | D:3      | Reached skill level 5 in Axes
  1868 | D:3      | Found Osmuc's Antique Weapon Emporium.
  1885 | D:3      | 1885 ||| SHOPLISTING morningstar (120 gold, have 70).
  1885 | D:3      | 1885 ||| SHOPLISTING runed flail (195 gold, have 70).
  2241 | D:3      | 2241 ||| Stepping ~*~*~tactically~*~*~ (hiding).
  2246 | D:3      | 2246 ||| Stepping ~*~*~tactically~*~*~ (hiding).
  2459 | D:3      | Reached XP level 6. HP: 21/38 MP: 6/6
  2661 | D:3      | 2661 ||| DROPPING +2 robe of fire resistance.
  2662 | D:3      | 2662 ||| UPGRADING to +0 plate armour.
  2672 | D:3      | 2672 ||| DROPPING +0 scale mail.
  2673 | D:3      | 2673 ||| UPGRADING to ring of willpower.
  2674 | D:3      | 2674 ||| READING 2 scrolls labelled VOLISACKEA.
  2675 | D:3      | 2675 ||| READING scroll labelled XESESUC VYDIKO.
  2676 | D:3      | 2676 ||| READING scroll labelled JECZER BARUSH.
  2677 | D:3      | 2677 ||| READING scroll labelled PIXOGH GEUM.
  2678 | D:3      | 2678 ||| READING scroll labelled YHAJUMP ZATIAN.
  2679 | D:3      | 2679 ||| DRINKING 2 purple potions.
  2680 | D:3      | 2680 ||| READING 4 scrolls of identify.
  2680 | D:3      | 2680 ||| IDENTIFYING ruby potion
  2681 | D:3      | 2681 ||| READING 3 scrolls of identify.
  2681 | D:3      | 2681 ||| IDENTIFYING green potion
  2682 | D:3      | 2682 ||| READING 2 scrolls of identify.
  2682 | D:3      | 2682 ||| IDENTIFYING murky white potion
  2683 | D:3      | 2683 ||| DROPPING potion of berserk rage.
  2684 | D:3      | 2684 ||| DROPPING potion of degeneration.
  2685 | D:3      | 2685 ||| DROPPING scroll of fog.
  2686 | D:3      | 2686 ||| DROPPING potion of flight.
  2713 | D:4      | 2713 ||| STAIRDANCE
  2803 | D:4      | Found a glowing silver altar of Zin.
  3190 | D:4      | Noticed a black bear
  3197 | D:4      | Killed a black bear
  3198 | D:4      | Reached skill level 6 in Axes
  3198 | D:4      | Reached XP level 7. HP: 43/43 MP: 7/7
  3381 | D:4      | Found a staircase to the Ecumenical Temple.
  3382 | D:4      | 3382 ||| PLANNING TEMPLE
  3382 | D:4      | 3382 ||| READING scroll labelled FAAXTA NIURR.
  3383 | D:4      | 3383 ||| READING scroll labelled SOARIE KAERIY.
  3383 | D:4      | Identified a scroll of acquirement
  3383 | D:4      | 3383 ||| ACQUIRING 968 gold pieces
  3383 | D:4      | Acquired 968 gold pieces
  3385 | D:4      | 3385 ||| READING scroll labelled SARIET BUPOR.
  3386 | D:4      | 3386 ||| DRINKING 3 murky coppery potions.
  3395 | Temple   | Entered the Ecumenical Temple
  3553 | Temple   | 3553 ||| PLANNING D:1-11
  3660 | D:4      | 3660 ||| FLEEEEING.
  3661 | D:4      | 3661 ||| FLEEEEING.
  3662 | D:4      | 3662 ||| FLEEEEING.
  3663 | D:4      | 3663 ||| FLEEEEING.
  3664 | D:4      | 3664 ||| FLEEEEING.
  3665 | D:4      | 3665 ||| FLEEEEING.
  3668 | D:4      | 3668 ||| STAIRDANCE
  3717 | D:4      | Reached skill level 7 in Axes
  3916 | D:5      | Entered Level 5 of the Dungeon
  3987 | D:5      | Reached skill level 1 in Dodging
  4008 | D:5      | Noticed Sigmund
  4049 | D:5      | Killed Sigmund
  4050 | D:5      | Reached XP level 8. HP: 29/49 MP: 8/8
  4123 | D:5      | Noticed Prince Ribbit
  4124 | D:5      | 4124 ||| Stepping ~*~*~tactically~*~*~ (stealth).
  4130 | D:5      | Reached skill level 1 in Throwing
  4139 | D:5      | Killed Prince Ribbit
  4207 | D:5      | 4207 ||| READING scroll of enchant armour.
  4207 | D:5      | 4207 ||| ENCHANTING +0 plate armour.
  4304 | D:5      | Reached skill level 8 in Axes
  4426 | D:5      | 4426 ||| Stepping ~*~*~tactically~*~*~ (stealth).
  4646 | D:5      | 4646 ||| SWAPPING to +1 war axe of freezing.
  4647 | D:5      | 4647 ||| DROPPING +1 war axe.
  4678 | D:5      | 4678 ||| UPGRADING to +6 ring of strength.
  4722 | D:6      | Noticed a shadow
  4728 | D:6      | Killed a shadow
  4729 | D:6      | Reached skill level 6 in Fighting
  4733 | D:6      | 4733 ||| Stepping ~*~*~tactically~*~*~ (hiding).
  4750 | D:6      | Reached XP level 9. HP: 41/56 MP: 9/9
  4773 | D:6      | 4773 ||| FLEEEEING.
  4774 | D:6      | 4774 ||| FLEEEEING.
  4777 | D:6      | 4777 ||| STAIRDANCE
  4918 | D:6      | 4918 ||| Stepping ~*~*~tactically~*~*~ (hiding).
  4925 | D:6      | 4925 ||| Stepping ~*~*~tactically~*~*~ (hiding).
  4932 | D:6      | Reached skill level 9 in Axes
  4984 | D:6      | 4984 ||| Stepping ~*~*~tactically~*~*~ (hiding).
  5027 | D:6      | Found Veecoen's Book Shop.
  5030 | D:6      | Found Gaplomei's Distillery.
  5038 | D:6      | 5038 ||| BUYING potion of attraction (42 gold).
  5038 | D:6      | Bought a potion of attraction for 42 gold pieces
  5038 | D:6      | 5038 ||| BUYING potion of curing (42 gold).
  5038 | D:6      | Bought a potion of curing for 42 gold pieces
  5038 | D:6      | 5038 ||| BUYING potion of haste (140 gold).
  5038 | D:6      | Bought a potion of haste for 140 gold pieces
  5038 | D:6      | 5038 ||| BUYING potion of heal wounds (70 gold).
  5038 | D:6      | Bought a potion of heal wounds for 70 gold pieces
  5038 | D:6      | 5038 ||| BUYING potion of heal wounds (70 gold).
  5038 | D:6      | Bought a potion of heal wounds for 70 gold pieces
  5242 | D:6      | Found Ocuihamm's Magic Scroll Emporium.
  5373 | D:6      | 5373 ||| DROPPING +0 flail.
  5530 | D:6      | Found a faded altar of an unknown god.
  5532 | D:6      | Found a faded altar of an unknown god.
  5532 | D:6      | Found a hazy altar of Hepliaklqana.
  5704 | D:6      | 5704 ||| READING scroll labelled UROLUET NATA.
  5705 | D:6      | 5705 ||| READING 4 scrolls of identify.
  5705 | D:6      | 5705 ||| IDENTIFYING amethyst potion
  5706 | D:6      | 5706 ||| READING 3 scrolls of identify.
  5706 | D:6      | 5706 ||| IDENTIFYING dark potion
  5837 | D:7      | 5837 ||| FLEEEEING.
  5838 | D:7      | 5838 ||| FLEEEEING.
  5839 | D:7      | 5839 ||| FLEEEEING.
  5840 | D:7      | 5840 ||| FLEEEEING.
  5849 | D:7      | Reached skill level 10 in Axes
  5853 | D:7      | HP: 10/57 [yak (11)]
  5854 | D:7      | 5854 ||| READING 3 scrolls of teleportation.
  5855 | D:7      | 5855 ||| DRINKING 3 potions of heal wounds.
  5943 | D:7      | Noticed a troll
  5955 | D:7      | HP: 12/59 [troll (5)]
  5955 | D:7      | HP: 4/59 [something (2)]
  5956 | D:7      | 5956 ||| READING 2 scrolls of teleportation.
  5956 | D:7      | Mangled by a troll

Levels and vault maps discovered:
D:1:      minmay_arrival_nine_rooms, layout_loops_cross,
          nicolae_shop_unique_rings
D:2:      layout_basic, supply_closet_lemuel, kennysheep_generic_room_8,
          uniq_jessica
D:3:      layout_loops_cross, serial_shops, shop,
          chequers_serial_rivers_micro_d, minmay_door_square,
          minmay_misc_feat_five, minmay_pentangle
D:4:      layout_basic, mainiacjoe_overflow_small_starburst, temple_hall
D:5:      layout_loops_cross, uniq_sigmund, uniq_prince_ribbit1
D:6:      layout_loops_ring, nicolae_hepliaklqana_ecumenical_no_more,
          serial_shops, nicolae_shop_hallway_stairs, shop, shop
D:7:      layout_basic, nicolae_overflow_hidden_temple,
          grunt_temple_overflow_diamond, enter_bailey_3,
          minmay_manual_monstrance
Temple:   nicolae_temple_bog_church

Skill      XL: |  1  2  3  4  5  6  7  8  9 |
---------------+----------------------------+-----
Axes           | 2 3 4 5 6 7 8 10 | 10.0
Fighting       | 4 5 6 7 |  7.8
Dodging        | 1 |  1.1
Armour         | 4 5 |  5.0
Throwing       | 1 |  1.6
Shields        | 4 |  4.1

Action                     |  1- 3 |  4- 6 |  7- 9 || total
---------------------------+-------+-------+-------++-------
  Melee: War axe           |   101 |   167 |   268 ||   536
  Throw: Boomerang         |       |    31 |    25 ||    56
    Use: Scroll            |     1 |    12 |     9 ||    22
         Potion            |       |     1 |     2 ||     3
 Armour: Scale mail        |    69 |    66 |       ||   135
         Plate armour      |       |    30 |   198 ||   228
  Dodge: Dodged            |    33 |    49 |    72 ||   154
  Block: Buckler           |    15 |    32 |    47 ||    94

Table legend:
 A = Non-vault XP
 B = Vault XP
 C = Vault XP percentage of total XP
 D = Non-vault monster count
 E = Vault monster count
 F = Vault count percentage of total count
                 A         B        C        D         E       F
            +---------+---------+-------+---------+---------+-------
      Total |    3659 |     723 |  16.5 |     134 |      13 |   8.8
            +---------+---------+-------+---------+---------+-------
        D:1 |      43 |       0 |   0.0 |      23 |       0 |   0.0
        D:2 |      54 |      52 |  49.1 |      17 |       3 |  15.0
        D:3 |     241 |      49 |  16.9 |      24 |       7 |  22.6
        D:4 |     489 |       0 |   0.0 |      22 |       0 |   0.0
        D:5 |     567 |     522 |  47.9 |      12 |       2 |  14.3
        D:6 |    1320 |       0 |   0.0 |      26 |       0 |   0.0
        D:7 |     945 |     100 |   9.6 |      10 |       1 |   9.1
            +---------+---------+-------+---------+---------+-------
